 Dungeon Crawl Stone Soup version 0.23.2-1-ga50397a6bc (webtiles) character file.

Game seed: 290990600825579571

20 Peloso the Skirmisher (level 2, -8/24 HPs)
             Began as a Minotaur Fighter on May 19, 2019.
             Mangled by an ogre
             ... wielding the +7 great mace "Enuaxano" {freeze, Int+3}
              (9 damage)
             ... on level 3 of the Dungeon.
             The game lasted 00:02:21 (701 turns).

Peloso the Skirmisher (Minotaur Fighter)             Turns: 701, Time: 00:02:21

Health: -8/24      AC:  7    Str: 20    XL:     2   Next: 58%
Magic:  1/1        EV:  7    Int:  5    God:
Gold:   36         SH:  9    Dex:  9    Spells: 1/1 levels left

rFire    + . .     SeeInvis .   a - +0 long sword
rCold    x . .     Gourm    .   c - +0 shield
rNeg     . . .     Faith    .   b - +0 scale mail
rPois    .         Spirit   .   (helmet restricted)
rElec    .         Reflect  .   (no cloak)
rCorr    .         Harm     .   (no gloves)
MR       .....                  (no boots)
Stlth    ..........             (no amulet)
HPRegen  0.08/turn              g - ring of fire
MPRegen  0.07/turn              (no ring)

@: no status effects
A: retaliatory headbutt, claws 1, horns 2, frail 1, MP-powered wands
a: no special abilities


You were on level 3 of the Dungeon.
You were not hungry.

You visited 1 branch of the dungeon, and saw 3 of its levels.

You collected 36 gold pieces.

Inventory:

Hand Weapons
 a - a +0 long sword (weapon)
Armour
 b - a +0 scale mail (worn)
 c - a +0 shield (worn)
Jewellery
 g - a ring of fire (left claw)
Scrolls
 e - a scroll of teleportation {unknown}
 j - a scroll of identify {unknown}
Potions
 d - a potion of might (quivered)
Comestibles
 f - 3 rations


   Skills:
 + Level 4.1 Fighting
 + Level 2.5 Long Blades
 + Level 4.1 Armour
 + Level 3.8 Shields


You had one spell level left.
You didn't know any spells.
Your spell library was empty.

Dungeon Overview and Level Annotations

Branches:
Dungeon (3/15)

Altars:

Annotations:
D:3 1 transporter, GreenRAT's ghost, amateur GrMo


Innate Abilities, Weirdness & Mutations

You reflexively headbutt those who attack you in melee.
You have a pair of horns on your head.
You have sharp fingernails.
You are frail. (-10% HP)
You expend magic power (3 MP) to strengthen your wands.


Message History

GreenRAT's ghost turns its malevolent gaze towards you.
Found 32 gold pieces.
Found a transporter.
The ogre shouts! x2
Found 18 gold pieces.
A goblin and a kobold come into view.
The goblin shouts!
The kobold shouts!
The kobold throws a stone.
You block the stone.
You see here a stone.
The kobold throws a stone.
The stone hits you but does no damage.
There is a transporter here.
You see here a stone.
You enter the transporter and appear at another place.
You can't go down here!
There is a transporter landing site here.
The ogre barely misses you.
The ogre hits you with the +7 great mace "Enuaxano" {freeze, Int+3}!!
Ouch! That really hurt!
* * * LOW HITPOINT WARNING * * *
The ogre freezes you!
You die...

####.......#.......%..#+
.........(....#+#.###.#
##################.#######
#.....©#........
#..##..#(#####.#
#.#..#.#...g....
#.#..#.#..K###.#
#..##.$#g..# #©@OW.$#K..#
#.O##..#©.## #.#.$#.#.##
#.#..#.#.# #..##..#.# #..
...#.# ########.# ##


You could see 2 ogres, GreenRAT's ghost, a goblin and a kobold.

Vanquished Creatures
  A dart slug (D:1)
  A leopard gecko (D:1)
  2 giant cockroaches (D:1)
  2 hobgoblins (D:1)
  A bat (D:1)
  6 frilled lizards (D:1)
  4 kobolds
  3 rats (D:1)
20 creatures vanquished.

Notes
Turn   | Place    | Note
-------+----------+-------------------------------------------
     0 | D:1      | Peloso the Minotaur Fighter began the quest for the Orb.
     0 | D:1      | Reached XP level 1. HP: 19/19 MP: 0/0
   169 | D:1      | Reached XP level 2. HP: 20/27 MP: 1/1
   600 | D:1      | Gained mutation: You are frail. (-10% HP) [potion of
                  | mutation]
   600 | D:1      | Gained mutation: You have sharp fingernails. [potion of
                  | mutation]
   600 | D:1      | Gained mutation: You expend magic power (3 MP) to
                  | strengthen your wands. [potion of mutation]
   688 | D:3      | Found a transporter.
   690 | D:3      | Found a transporter.
   690 | D:3      | Noticed GreenRAT's ghost (amateur GrMo)
   691 | D:3      | Identified the +7 great mace "Enuaxano" {freeze, Int+3}
   691 | D:3      | Noticed an ogre
   692 | D:3      | Noticed an ogre
   701 | D:3      | HP: 1/24 [ogre/the +7 great mace "Enuaxano" {freeze, Int+3}
                  | (23)]
   701 | D:3      | Mangled by an ogre

Skill      XL: |  1  2 |
---------------+-------+-----
Fighting       | 4 |  4.1
Armour         | 4 |  4.1
Long Blades    | |  2.5
Shields        | |  3.8

Action                   || total
-------------------------++-------
Melee: Long sword        ||    51
       Headbutt          ||     7
  Use: Potion            ||     2
Armor: Scale mail        ||    40
Dodge: Dodged            ||    17
Block: Shield            ||    30
       Rpst.: Long sword ||     6
